 Dungeon Crawl Stone Soup version 0.31-a0-222-gefeffbb62a (webtiles) character file.

Game seed: 12305453268117281598

5506 Nietzsche the Spear-Bearer (level 10, -7/79 HPs)
             Began as a Merfolk Gladiator on July 5, 2023.
             Was a Believer of Kikubaaqudgha.
             Mangled by a yak (10 damage)
             ... on level 9 of the Dungeon.
             The game lasted 00:31:14 (8557 turns).

Nietzsche the Spear-Bearer (Merfolk Gladiator)      Turns: 8557, Time: 00:31:15

Health: -7/79      AC: 10    Str: 23 (24) XL:     10   Next: 70%
Magic:  28/28      EV: 15    Int:  6 (8)  God:    Kikubaaqudgha [**....]
Gold:   658        SH:  0    Dex: 13 (16) Spells: 21/21 levels left

rFire   + . .        w - +1 halberd
rCold   + . .        (shield currently unavailable)
rNeg    . . .        b - +0 leather armour
rPois   .            F - +1 helmet "Atwo" {Fly rF+ rC+ Will+}
rElec   .            g - scarf {+Inv}
rCorr   .            (no gloves)
SInv    .            H - +2 pair of boots
Will    +....        m - amulet of regeneration
Stlth   +++          k - +6 ring of strength
HPRegen 1.13/turn    o - ring of magical power
MPRegen 0.21/turn

%: no passive effects
@: flying
A: (nimble swimmer 2), mertail, iridescent scales 1, dopey 1, strong 1
a: Renounce Religion, Evoke Invisibility, Unearth Wretches


You were on level 9 of the Dungeon.
You worshipped Kikubaaqudgha.
Kikubaaqudgha was pleased with you.
You visited 2 branches of the dungeon, and saw 10 of its levels.

You collected 658 gold pieces.

Inventory:

Hand Weapons
 a - a +0 trident
 l - a +0 dire flail
 r - a +0 dire flail
 w - a +1 halberd (weapon)
 S - the +1 dagger of Diet Blood {flame, Int+2}
   (You found it on level 7 of the Dungeon)

   Int:       It affects your intelligence (+2).
Missiles
 d - 4 throwing nets (quivered)
 e - a javelin
Armour
 b - a +0 leather armour (worn)
 c - a +0 helmet
 g - a scarf of invisibility (worn)
 p - a +0 hat
 z - +0 steam dragon scales
 F - the +1 helmet "Atwo" (worn) {Fly rF+ rC+ Will+}
   (You took it off Robin on level 4 of the Dungeon)

   rF:        It protects you from fire.
   rC:        It protects you from cold.
   Fly:       It grants you flight.
   Will:      It increases your willpower.
 H - a +2 pair of boots (worn)
Jewellery
 j - an amulet of the acrobat
 k - a +6 ring of strength (left hand)
 m - an amulet of regeneration (around neck)
 o - a ring of magical power (right hand)
 s - a ring of fire
 u - a ring of flight
 I - a ring of magical power
 J - a ring of fire
 K - a ring of see invisible
 N - an amulet of magic regeneration
 Q - an amulet of magic regeneration
 T - a ring of magical power
Wands
 B - a wand of polymorph (11)
 D - a wand of acid (5)
 E - a wand of flame (27)
 M - a wand of paralysis (9)
 P - a wand of digging (5)
Scrolls
 f - 2 scrolls of amnesia
 h - 3 scrolls of enchant armour
 i - 3 scrolls of immolation
 n - a scroll of poison
 q - 2 scrolls of vulnerability
 v - a scroll of fear
 y - a scroll of revelation {unknown}
 G - 3 scrolls of noise
 O - a scroll of blinking {unknown}
 U - 3 scrolls of teleportation {unknown}
Potions
 t - a potion of resistance
 x - 2 potions of enlightenment
 C - 4 potions of cancellation
 R - 2 potions of mutation


   Skills:
 + Level 7.2 Fighting
 * Level 4.5 Short Blades
 - Level 10.9 Polearms
 - Level 2.0 Throwing
 - Level 2.1 Armour
 + Level 8.3 Dodging
 + Level 4.8 Stealth
 * Level 6.1 Spellcasting
 * Level 3.8 Necromancy


You had 21 spell levels left.
You didn't know any spells.
Your spell library contained the following spells:

 Spells                   Type           Power      Damage    Failure   Level
 Necrotise                Necr           24%        1d5       6%          1
 Sublimation of Blood     Necr           6%         N/A       10%         2
 Kiss of Death            Conj/Necr      16%        2d6       14%         1
 Cigotuvi's Dreadful Rot  Necr/Pois/Air  6%         N/A       28%         2
 Sting                    Tmut/Pois      4%         1d3       30%         1
 Ensorcelled Hibernation  Hex/Ice        2%         N/A       43%         2
 Lesser Beckoning         Tloc           2%         N/A       43%         2
 Passwall                 Tmut/Erth      0%         N/A       43%         2
 Poisonous Vapours        Pois/Air       2%         N/A       43%         2
 Call Canine Familiar     Summ           1%         N/A       67%         3
 Gell's Gravitas          Tloc           1%         N/A       67%         3
 Ignite Poison            Fire/Tmut/Pois 1%         N/A       67%         3
 Portal Projectile        Hex/Tloc       2%         N/A       67%         3
 Swiftness                Air            1%         N/A       67%         3
 Teleport Other           Tloc           1%         N/A       67%         3
 Leda's Liquefaction      Hex/Erth       0%         N/A       97%         4
 Olgreb's Toxic Radiance  Pois           1%         N/A       97%         4
 Sticky Flame             Conj/Fire      1%         2d3       97%         4
 Storm Form               Tmut/Air       0%         N/A       100%        7
 Ignition                 Fire           0%         3d3       100%        8
 Maxwell's Capacitive Co  Air            0%         ∞         100%        8


Dungeon Overview and Level Annotations

Branches:
Dungeon (9/15)             Temple (1/1) D:4            Lair (0/5) D:9
    Orc: D:9-12

Altars:
Ashenzari
Cheibriados
Dithmenos
Elyvilon
Fedhas
Gozag
Hepliaklqana
Kikubaaqudgha
Makhleb
Nemelex Xobeh
Okawaru
Qazlal
Ru
Sif Muna
Trog
Uskayaw
Vehumet
Wu Jian
Xom
Yredelemnul
Zin
The Shining One

Shops:
D:6 =

Annotations:
D:4 2 transporters, reriks's ghost, amateur KoEn


Innate Abilities, Weirdness & Mutations

((You are very nimble when in or above water. (Stealth+, EV+, Speed+++)))
Your lower body shifts to a powerful aquatic tail in water.
You are partially covered in iridescent scales. (AC +2)
You are dopey. (Int -2)
Your muscles are strong. (Str +4, Int/Dex -1)


Message History

You are too injured to fight recklessly!
It was a potion of degeneration.
There was something very wrong with that liquid.
You feel weakened.
You feel dopey.
You feel clumsy. Something hits you but does no damage.
The yak gores you but does no damage. The yak closely misses you.
Something hits you but does no damage.
You are too injured to fight recklessly!
You are too injured to fight recklessly!
You are too injured to fight recklessly!
You are too injured to fight recklessly!
You are too injured to fight recklessly!
You impale something!! Kikubaaqudgha accepts your kill.
Reactivating autopickup.
You feel a bit more experienced. The yak gores you.
The yak completely misses you.
You barely miss the yak. You impale the yak!!
The yak is heavily wounded.
The yak barely misses you. The yak gores you. The yak gores you!
You slash the yak!
The yak is severely wounded.
The yak closely misses you. The yak misses you. The yak barely misses you.
The yak misses you.
You hit the yak.
The yak is almost dead.
The yak gores you.
* * * LOW HITPOINT WARNING * * *
The yak gores you.
* * * LOW HITPOINT WARNING * * *
The yak gores you!
* * * LOW HITPOINT WARNING * * *
The yak barely misses you.
You barely miss the yak.
The yak is almost dead.
The yak gores you!
* * * LOW HITPOINT WARNING * * *
The yak closely misses you. The yak gores you!
You die...
Kikubaaqudgha rasps: "You have failed me!
Welcome... death!"

#....# ..#
#.......# ###
##.......# .##
##........# ..#
#.........# ..##
##.........# #..##
#.......o..#
#...####......oYY#
##..#.........YY@#
##............Y##
##......####...Y#
#......### ##..##
.........# ####
......Y...#
...........#
.............
.............


You could see 6 yaks, an orc wizard and an orc.

Vanquished Creatures
  2 two-headed ogres (D:8)
  A deep elf zephyrmancer (D:8)
  A wyvern (D:9)
  2 yaks (D:9)
  A steam dragon (D:9)
  Menkaure (D:4)
  A water moccasin (D:5)
  3 ice beasts
  4 black bears
  2 sky beasts
  2 ogres
  A kobold brigand (D:9)
  5 bullfrogs
  5 wights (D:7)
  5 killer bees
  5 howler monkeys
  6 hounds
  A jelly (D:7)
  2 orc priests
  2 sleepcaps
  A gnoll bouda (D:3)
  Jessica (D:2)
  3 iguanas
  Ijyb (D:4)
  7 orc wizards
  Robin (D:4)
  21 gnolls
  8 adders
  A shadow imp (D:5)
  4 white imps
  An ufetubus (D:5)
  A worm (D:2)
  2 dart slugs (D:2)
  28 orcs
  5 ball pythons
  A bat (D:1)
  5 endoplasms
  4 giant cockroaches (D:2)
  11 goblins
  7 hobgoblins
  13 jackals (D:3)
  11 kobolds
  3 frilled lizards
  5 rats
197 creatures vanquished.

Notes
Turn   | Place    | Note
-------+----------+-------------------------------------------
     0 | D:1      | Nietzsche the Merfolk Gladiator began the quest for the
                  | Orb.
     0 | D:1      | Reached XP level 1. HP: 16/16 MP: 1/1
   256 | D:1      | Found a faded altar of an unknown god.
   334 | D:1      | Reached XP level 2. HP: 22/22 MP: 2/2
   860 | D:2      | Reached skill level 1 in Spellcasting
  1041 | D:2      | Reached XP level 3. HP: 27/27 MP: 4/4
  1101 | D:2      | Gained mutation: You are dopey. (Int -2) [potion of
                  | mutation]
  1101 | D:2      | Gained mutation: Your muscles are strong. (Str +4, Int/Dex
                  | -1) [potion of mutation]
  1101 | D:2      | Gained mutation: You are partially covered in iridescent
                  | scales. (AC +2) [potion of mutation]
  1286 | D:2      | Reached skill level 5 in Polearms
  1286 | D:2      | Reached XP level 4. HP: 19/34 MP: 6/6
  1372 | D:2      | Noticed Jessica
  1387 | D:2      | Killed Jessica
  1388 | D:2      | Reached skill level 1 in Stealth
  1687 | D:2      | Reached XP level 5. HP: 39/39 MP: 7/7
  2222 | D:3      | Reached skill level 1 in Armour
  2272 | D:3      | Reached skill level 6 in Polearms
  2272 | D:3      | Reached XP level 6. HP: 42/46 MP: 9/9
  2420 | D:3      | Reached skill level 5 in Dodging
  2663 | D:3      | Reached skill level 7 in Polearms
  2663 | D:3      | Reached XP level 7. HP: 52/52 MP: 11/11
  3431 | D:4      | Found a glowing golden altar of the Shining One.
  3510 | D:4      | Found a staircase to the Ecumenical Temple.
  3536 | Temple   | Entered the Ecumenical Temple
  3686 | Temple   | Became a worshipper of Kikubaaqudgha
  4013 | D:4      | Identified the +1 helmet "Atwo" {Fly rF+ rC+ Will+}
  4013 | D:4      | Noticed Robin
  4055 | D:4      | Noticed Ijyb
  4076 | D:4      | Killed Ijyb
  4077 | D:4      | Reached skill level 8 in Polearms
  4147 | D:4      | Killed Robin
  4274 | D:4      | Noticed Menkaure
  4284 | D:4      | Killed Menkaure
  4285 | D:4      | Reached XP level 8. HP: 55/60 MP: 13/13
  4333 | D:4      | Identified the +6 great mace of the Original Sin {elec,
                  | rPois Will+ MP+9 Int+3}
  4333 | D:4      | Noticed reriks's ghost (amateur KoEn)
  4334 | D:4      | Found a transporter.
  4338 | D:4      | Found a transporter.
  4676 | D:5      | Entered Level 5 of the Dungeon
  4839 | D:5      | Reached skill level 9 in Polearms
  5650 | D:6      | Reached * piety under Kikubaaqudgha
  5650 | D:6      | Received a gift from Kikubaaqudgha
  5958 | D:6      | Found Gasueran's Jewellery Boutique.
  6159 | D:7      | Reached skill level 10 in Polearms
  6167 | D:7      | Reached XP level 9. HP: 49/66 MP: 15/15
  6174 | D:7      | Reached skill level 1 in Necromancy
  6295 | D:7      | Reached skill level 5 in Fighting
  6318 | D:7      | Found a shadowy altar of Dithmenos.
  6400 | D:7      | Reached ** piety under Kikubaaqudgha
  6420 | D:7      | Identified the +1 dagger of Diet Blood {flame, Int+2}
  7243 | D:8      | Noticed a deep elf zephyrmancer
  7273 | D:8      | Killed a deep elf zephyrmancer
  7274 | D:8      | Reached skill level 1 in Short Blades
  7274 | D:8      | Reached skill level 5 in Spellcasting
  7286 | D:8      | Noticed a two-headed ogre
  7299 | D:8      | Noticed a two-headed ogre
  7445 | D:8      | Killed a two-headed ogre
  7446 | D:8      | Reached XP level 10. HP: 25/76 MP: 18/18
  7509 | D:8      | Found an opulent altar of Gozag.
  7548 | D:8      | Found a white marble altar of Elyvilon.
  7552 | D:8      | Found a stormy altar of Qazlal.
  7818 | D:8      | Killed a two-headed ogre
  8327 | D:9      | Found a staircase to the Lair.
  8557 | D:9      | HP: 3/79 [yak (9)]
  8557 | D:9      | Mangled by a yak

Illustrated notes

Levels and vault maps discovered:
D:1:      psy_arrival_terrarium, layout_basic, serial_co_window_serial,
          co_window_of_opportunity_a, co_window_paths_b, co_window_corner_a,
          co_window_of_opportunity_a, co_window_paths_a,
          co_window_unsneaky_path_b, co_window_2corner, co_window_broadway_b,
          co_window_broadway_a, co_window_corner_cb, glass_columns_b,
          glass_columns_a, glass_columns_a, glass_columns_b, glass_columns_a,
          dreamdust_ecumenical_altar_angels_and_demons, st_stairs_3
D:2:      layout_basic, uniq_jessica
D:3:      lemuel_castle_with_subvaults [lemuel_castle_interior_carwin_2],
          layout_basic, serial_curves, eino_curves_03, eino_curves_02,
          eino_curves_01, kennysheep_nondescript
D:4:      layout_basic, lemuel_doored_altar,
          minmay_temple_entry_statues_pillars, gammafunk_ghost_smash,
          kennysheep_flooded_box, st_stairs_3, nicolae_goblin_pals,
          uniq_menkaure
D:5:      nicolae_BIG_FREAKIN_CUBE, layout_loops_cross
D:6:      layout_basic, serial_shops, nicolae_shop_window_shopping
D:7:      layout_basic, nicolae_dithmenos_through_a_glass_darkly
D:8:      layout_cave_pods, nicolae_gozag_seed_capital,
          grunt_temple_overflow_open, wad_floor_pattern_untrapped,
          guppyfry_early_elven_hall
D:9:      layout_cave_pods, due_lair_maze_entry_diamond
Temple:   bh_familiar_temple

Skill      XL: |  1  2  3  4  5  6  7  8  9 10 |
---------------+-------------------------------+-----
Spellcasting   | 1 2 3 4 5 6 |  6.1
Polearms       | 5 6 7 8 10 | 10.9
Stealth        | 1 2 3 4 |  4.8
Armour         | 1 2 |  2.1
Fighting       | 3 4 6 7 |  7.2
Dodging        | 5 6 7 8 |  8.3
Necromancy     | 3 |  3.8
Short Blades   | 3 4 |  4.5
Throwing       | |  2.0

Action                     |  1- 3 |  4- 6 |  7- 9 | 10-12 || total
---------------------------+-------+-------+-------+-------++-------
  Melee: Trident           |   106 |   155 |    35 |       ||   296
         Punch             |     1 |     1 |     1 |       ||     3
         Tailslap          |       |     7 |     2 |       ||     9
         Halberd           |       |       |   324 |   129 ||   453
         Dagger            |       |       |    26 |       ||    26
    Use: Potion            |     4 |       |     5 |     6 ||    15
         Scroll            |       |       |    12 |       ||    12
   Stab: Sleeping          |     5 |     4 |     9 |     2 ||    20
         Distracted        |       |       |       |     1 ||     1
 Armour: Leather armour    |    30 |    24 |    88 |    82 ||   224
  Dodge: Dodged            |    70 |   104 |   201 |   201 ||   576

Table legend: (Time is in decaauts)
 A = Elapsed time spent in this place.
 B = Non-inter-level travel time spent in this place.
 C = Inter-level travel time spent in this place.
 D = Time resting spent in this place.
 E = Time spent auto-exploring this place.
 F = Levels seen in this place.
 G = Mean time per level.
                   A        B        C        D        E       F      G
               +--------+--------+--------+--------+--------+-----+--------+
         Total |   8444 |   7858 |    586 |    250 |   5233 |  10 |  844.4 |
       Dungeon |   8108 |   7541 |    567 |    250 |   5178 |   9 |  900.9 |
        Temple |    336 |    317 |     19 |      0 |     55 |   1 |  336.0 |
               +--------+--------+--------+--------+--------+-----+--------+

Top non-repeatable levels by time:
     D:3: 1206 daAuts
     D:2: 1195 daAuts
     D:7: 1100 daAuts
     D:4: 999 daAuts
     D:8: 982 daAuts
     D:5: 871 daAuts
     D:1: 851 daAuts
     D:6: 511 daAuts
     D:9: 389 daAuts
  Temple: 336 daAuts
